MID
CLINTON LUMBERKINGS @ KANE COUNTY COUGARS
06/01/2099
 
TOP OF THE 1ST
Clinton LumberKings batting - Pitching for Kane County Cougars : LHP Jim Unknown
Pitching: LHP Jim Unknown
Batting: SHB Brent Manske 0-0: Ball
1-0: DOUBLE (Line Drive, 9LS, EV 107.5 MPH)
Batting: RHB Paul Nichols 0-0: Called Strike
0-1: Foul Ball, location: 9LDF
0-2: Ball
1-2: Ground out 4-3 (Groundball, 4, EV 101.3 MPH)
Brent Manske to third
Batting: LHB William Currea 0-0: Called Strike
0-1: Ball
1-1: Foul Ball, location: 2F
1-2: Strikes out swinging
Batting: RHB Manuel Villa 0-0: Called Strike
0-1: Ball
1-1: Ball
2-1: Foul Ball, location: 2LF
2-2: Fly out, F8 (Line Drive, 78M, EV 89.4 MPH)
Top of the 1st over - 0 runs, 1 hit, 0 errors, 1 left on base; Clinton 0 - Kane County 0
BOTTOM OF THE 1ST
Kane County Cougars batting - Pitching for Clinton LumberKings : RHP Jeremy Koch
Pitching: RHP Jeremy Koch
Batting: RHB Travis Ramirez 0-0: Ball
1-0: Called Strike
1-1: Ball
2-1: Fly out, F8 (Flyball, 8RM, EV 88.8 MPH)
Batting: LHB Aaron Quintanilla 0-0: Called Strike
0-1: DOUBLE (Groundball, 5L, EV 106.3 MPH)
Batting: RHB John Shirley 0-0: Ball
1-0: Fly out, F9 (Flyball, 9S, EV 77.5 MPH)
Batting: LHB Luis Alvarez 0-0: Fly out, F8 (Flyball, 78XD, EV 86.9 MPH)
Bottom of the 1st over - 0 runs, 1 hit, 0 errors, 1 left on base; Clinton 0 - Kane County 0
TOP OF THE 2ND
Clinton LumberKings batting - Pitching for Kane County Cougars : LHP Jim Unknown
Batting: LHB Ramon Boche 0-0: SINGLE (Line Drive, 6MD, EV 97.5 MPH)
Batting: LHB David McDonald 0-0: Foul Ball, location: 3DF
0-1: Swinging Strike
0-2: Strikes out swinging
Pitching: RHP Jonathan Maestas
Batting: RHB Ken Garner 0-0: Foul Ball, location: 25F
0-1: Ball
Balk!
Ramon Boche to second
1-1: Ball
2-1: Ball
3-1: Ground out 1-3 (Groundball, 13S, EV 66.9 MPH)
Ramon Boche to third
Batting: RHB Byron Coyle 0-0: Swinging Strike
0-1: Foul Ball, location: 2F
0-2: Foul Ball, location: 2F
0-2: Ball
1-2: Fly out, F9 (Flyball, 9, EV 96.9 MPH)
Top of the 2nd over - 0 runs, 1 hit, 0 errors, 1 left on base; Clinton 0 - Kane County 0
BOTTOM OF THE 2ND
Kane County Cougars batting - Pitching for Clinton LumberKings : RHP Jeremy Koch
Batting: SHB Brian Warfel 0-0: Ball
1-0: Ball
2-0: Called Strike
2-1: Ground out 5-3 (Groundball, 56, EV 89.4 MPH)
Batting: LHB Daniel Evans 0-0: Foul Ball, location: 9LDF
0-1: Swinging Strike
0-2: Ball
1-2: SINGLE (Groundball, 4MD, EV 106.9 MPH)
Batting: RHB Luke Arnold 0-0: Ball
1-0: Ball
2-0: Grounds into double play, 6-4-3 (Groundball, 6, EV 84.4 MPH)
Bottom of the 2nd over - 0 runs, 1 hit, 0 errors, 0 left on base; Clinton 0 - Kane County 0
TOP OF THE 3RD
Clinton LumberKings batting - Pitching for Kane County Cougars : RHP Jonathan Maestas
Batting: RHB Sean Flora 0-0: Ball
1-0: Called Strike
1-1: Ball
2-1: Called Strike
2-2: Foul Ball, location: 5FF
2-2: Fly out, F8 (Flyball, 8LXD, EV 93.1 MPH)
Batting: SHB Brent Manske 0-0: Called Strike
0-1: Hit by Pitch
Batting: RHB Paul Nichols 0-0: Foul Ball, location: 9LMF
0-1: Called Strike
0-2: Grounds into double play, 6-4-3 (Groundball, 6, EV 103.1 MPH)
Top of the 3rd over - 0 runs, 0 hits, 0 errors, 0 left on base; Clinton 0 - Kane County 0
BOTTOM OF THE 3RD
Kane County Cougars batting - Pitching for Clinton LumberKings : RHP Jeremy Koch
Batting: SHB Jim Unknown 0-0: Ball
1-0: Fly out, F7 (Flyball, 7S, EV 91.9 MPH)
Batting: RHB Jim Unknown 0-0: Called Strike
0-1: Ball
1-1: Ball
2-1: Foul Ball, location: 7LDF
2-2: Reached on error, E5 (Groundball, 56S, EV 70.6 MPH)
Batting: RHB Travis Ramirez 0-0: Ball
1-0: Swinging Strike
1-1: SINGLE (Groundball, 34D, EV 108.8 MPH)
Jim Unknown to second
Runner from 2nd tries for 3rd, SAFE, throw by RF made to third
Batting: LHB Aaron Quintanilla 0-0: Ball
1-0: Called Strike
1-1: Fielders Choice at 2nd, 6-4 (Groundball, 6, EV 82.5 MPH)
Jim Unknown scores
Batting: RHB John Shirley 0-0: Ball
1-0: Ball
2-0: Ball
3-0: Called Strike
3-1: Foul Ball, location: 9LMF
3-2: SINGLE (Flyball, 4D, EV 93.1 MPH)
Aaron Quintanilla to second
Aaron Quintanilla to third
Batting: LHB Luis Alvarez 0-0: SINGLE (Groundball, 6MD, EV 106.3 MPH) (infield hit)
Aaron Quintanilla scores
John Shirley to second
Batting: SHB Brian Warfel 0-0: TRIPLE (Flyball, 89XD, EV 101.9 MPH)
John Shirley scores
Luis Alvarez scores
Batting: LHB Daniel Evans 0-0: Called Strike
0-1: Called Strike
0-2: Ball
1-2: Ball
2-2: Ground out U3 (Groundball, 34, EV 105.6 MPH)
Bottom of the 3rd over - 4 runs, 4 hits, 1 error, 1 left on base; Clinton 0 - Kane County 4
TOP OF THE 4TH
Clinton LumberKings batting - Pitching for Kane County Cougars : RHP Jonathan Maestas
Batting: LHB William Currea 0-0: Called Strike
0-1: Foul Ball, location: 2F
0-2: DOUBLE (Line Drive, 9LM, EV 100.6 MPH)
Batting: RHB Manuel Villa 0-0: Ball
1-0: Ball
2-0: Called Strike
2-1: Called Strike
2-2: Ball
3-2: Base on Balls
Batting: LHB Ramon Boche 0-0: Called Strike
0-1: Ball
1-1: Foul Ball, location: 2F
1-2: Ball
2-2: Ball
3-2: Fly out, F8 (Flyball, 8LM, EV 88.1 MPH)
Batting: LHB David McDonald 0-0: Foul Ball, location: 2F
0-1: Swinging Strike
0-2: Foul Ball, location: 23F
0-2: Ball
1-2: Ball
2-2: Ball
3-2: SINGLE (Flyball, 5D, EV 93.1 MPH)
William Currea to third
Manuel Villa to second
Batting: RHB Ken Garner 0-0: Foul Ball, location: 2RF
0-1: Foul Ball, location: 23F
0-2: Strikes out swinging
Batting: RHB Byron Coyle 0-0: Foul Ball, location: 3F
0-1: Fly out, F8 (Line Drive, 8LS, EV 97.5 MPH)
Top of the 4th over - 0 runs, 2 hits, 0 errors, 3 left on base; Clinton 0 - Kane County 4
BOTTOM OF THE 4TH
Kane County Cougars batting - Pitching for Clinton LumberKings : RHP Jeremy Koch
Batting: RHB Luke Arnold 0-0: Ground out 5-3 (Groundball, 56, EV 103.1 MPH)
Batting: SHB Jim Unknown 0-0: Ball
1-0: Called Strike
1-1: Foul Ball, location: 2F
1-2: Foul Ball, location: 9LDF
1-2: Foul Ball, location: 3F
1-2: SINGLE (Groundball, 6MD, EV 101.9 MPH)
Batting: RHB Jim Unknown 0-0: Ball
1-0: SINGLE (Groundball, 56, EV 83.8 MPH)
Jim Unknown to second
Batting: RHB Travis Ramirez 0-0: Ball
1-0: Ball
2-0: DOUBLE (Flyball, 8RD, EV 110.6 MPH)
Jim Unknown scores
Jim Unknown to third
Pitching: RHP Bartolomeo Guistiniani
Batting: LHB Aaron Quintanilla 0-0: Called Strike
0-1: Ground out U3 (Groundball, 3, EV 80.6 MPH)
Batting: RHB John Shirley 0-0: Swinging Strike
0-1: Foul Ball, location: 2F
0-2: Foul Ball, location: 3F
0-2: Foul Ball, location: 2RF
0-2: Foul Ball, location: 2F
0-2: Foul Ball, location: 23F
0-2: Fly out, F4 (Flyball, 34D, EV 87.5 MPH)
Bottom of the 4th over - 1 run, 3 hits, 0 errors, 2 left on base; Clinton 0 - Kane County 5
TOP OF THE 5TH
Clinton LumberKings batting - Pitching for Kane County Cougars : RHP Jonathan Maestas
Batting: RHB Sean Flora 0-0: Ball
1-0: Called Strike
1-1: Called Strike
1-2: Foul Ball, location: 2F
1-2: Foul Ball, location: 9LDF
1-2: Foul Ball, location: 9LDF
1-2: Strikes out swinging
Batting: SHB Brent Manske 0-0: Ground out 3-1 (Groundball, 34, EV 105.0 MPH)
Batting: RHB Paul Nichols 0-0: Ball
1-0: Ground out 5-3 (Groundball, 56, EV 108.8 MPH)
Top of the 5th over - 0 runs, 0 hits, 0 errors, 0 left on base; Clinton 0 - Kane County 5
BOTTOM OF THE 5TH
Kane County Cougars batting - Pitching for Clinton LumberKings : RHP Bartolomeo Guistiniani
Batting: LHB Luis Alvarez 0-0: Swinging Strike
0-1: SINGLE (Groundball, 4MD, EV 106.3 MPH)
Batting: SHB Brian Warfel 0-0: Ball
1-0: Called Strike
1-1: Foul Ball, location: 23F
1-2: Fly out, F7 (Flyball, 7D, EV 110.6 MPH)
Batting: LHB Daniel Evans 0-0: Called Strike
0-1: Called Strike
0-2: Ball
1-2: Ball
2-2: Foul Ball, location: 2F
2-2: Ball
3-2: Base on Balls
Luis Alvarez to second
Batting: RHB Luke Arnold 0-0: Foul Ball, location: 2F
0-1: Ball
1-1: Fielders Choice at 2nd, 6-4 (Groundball, 6, EV 81.3 MPH)
Luis Alvarez to third
Batting: SHB Jim Unknown 0-0: Called Strike
0-1: Ball
Wild Pitch!
Luis Alvarez scores
Luke Arnold to second
1-1: Foul Ball, location: 3FF
1-2: Strikes out looking
Bottom of the 5th over - 1 run, 1 hit, 0 errors, 1 left on base; Clinton 0 - Kane County 6
TOP OF THE 6TH
Clinton LumberKings batting - Pitching for Kane County Cougars : RHP Jonathan Maestas
Batting: LHB William Currea 0-0: Fly out, F8 (Flyball, 8RM, EV 88.1 MPH)
Batting: RHB Manuel Villa 0-0: Ball
1-0: Called Strike
1-1: Ground out 5-3 (Groundball, 56, EV 83.8 MPH)
Batting: LHB Ramon Boche 0-0: Swinging Strike
0-1: Ball
1-1: Fly out, F8 (Flyball, 78M, EV 86.3 MPH)
Top of the 6th over - 0 runs, 0 hits, 0 errors, 0 left on base; Clinton 0 - Kane County 6
BOTTOM OF THE 6TH
Kane County Cougars batting - Pitching for Clinton LumberKings : RHP Bartolomeo Guistiniani
Batting: RHB Jim Unknown 0-0: Ball
1-0: Ball
2-0: Ball
3-0: Called Strike
3-1: Base on Balls
Batting: RHB Travis Ramirez 0-0: Ball
1-0: Swinging Strike
1-1: Ball
2-1: Fly out, F9 (Flyball, 9D, EV 103.1 MPH)
Batting: LHB Aaron Quintanilla 0-0: Swinging Strike
0-1: DOUBLE (Flyball, 8RXD, EV 88.8 MPH)
Jim Unknown to third
Runner from 3rd tries for Home, SAFE, throw by CF to home
Batting: RHB John Shirley 0-0: Foul Ball, location: 7LSF
0-1: Ball
1-1: Fly out, F9 (Flyball, 9D, EV 111.9 MPH)
Runner from 2nd tags up, SAFE at 3rd, no throw by RF
Batting: LHB Luis Alvarez 0-0: Ball
1-0: Ball
2-0: Called Strike
2-1: Fly out, F3 (Line Drive, 3, EV 73.8 MPH)
Bottom of the 6th over - 1 run, 1 hit, 0 errors, 1 left on base; Clinton 0 - Kane County 7
TOP OF THE 7TH
Clinton LumberKings batting - Pitching for Kane County Cougars : RHP Jonathan Maestas
Pinch Hitting: SHB Jay Magnuson 0-0: Ball
1-0: Foul Ball, location: 7LDF
1-1: Foul Ball, location: 2F
1-2: Strikes out swinging
Batting: RHB Ken Garner 0-0: Ball
1-0: Ball
2-0: Foul Ball, location: 3FF
2-1: Foul Ball, location: 2F
2-2: Strikes out swinging
Batting: RHB Byron Coyle 0-0: Ball
1-0: SOLO HOME RUN (Flyball, 9LD, EV 93.1 MPH), Distance : 346 ft
Batting: RHB Sean Flora 0-0: Foul Ball, location: 9LDF
0-1: Foul Ball, location: 2F
0-2: SINGLE (Groundball, 5S, EV 62.5 MPH) (infield hit)
Batting: SHB Brent Manske 0-0: Ball
1-0: SINGLE (Line Drive, 56, EV 106.9 MPH)
Sean Flora to second
Batting: RHB Paul Nichols 0-0: Ball
1-0: Swinging Strike
1-1: Foul Ball, location: 3SF
1-2: Ground out U3 (Groundball, 34, EV 102.5 MPH)
Top of the 7th over - 1 run, 3 hits, 0 errors, 2 left on base; Clinton 1 - Kane County 7
BOTTOM OF THE 7TH
Kane County Cougars batting - Pitching for Clinton LumberKings : RHP Bartolomeo Guistiniani
Now at 1B: Jay Magnuson
Batting: SHB Brian Warfel 0-0: Fly out, F8 (Flyball, 89D, EV 101.3 MPH)
Batting: LHB Daniel Evans 0-0: Ball
1-0: Foul Ball, location: 2F
1-1: Foul Ball, location: 7LDF
1-2: Fly out, F2 (Popup, 25F, EV 81.9 MPH)
Batting: RHB Luke Arnold 0-0: SINGLE (Groundball, 6MD, EV 108.1 MPH)
Batting: SHB Jim Unknown 0-0: Called Strike
0-1: Called Strike
0-2: Ball
1-2: DOUBLE (Line Drive, 7LD, EV 110.6 MPH)
Luke Arnold to third
Batting: RHB Jim Unknown 0-0: Ball
1-0: Ball
2-0: Called Strike
2-1: Ground out 6-3 (Groundball, 6, EV 88.1 MPH)
Bottom of the 7th over - 0 runs, 2 hits, 0 errors, 2 left on base; Clinton 1 - Kane County 7
TOP OF THE 8TH
Clinton LumberKings batting - Pitching for Kane County Cougars : RHP Jonathan Maestas
Batting: LHB William Currea 0-0: SINGLE (Groundball, 4MD, EV 108.8 MPH)
Batting: RHB Manuel Villa 0-0: Ball
1-0: Foul Ball, location: 2F
1-1: Called Strike
1-2: Fly out, F9 (Flyball, 9, EV 92.5 MPH)
Pitching: RHP Jim Unknown
Batting: LHB Ramon Boche 0-0: Ball
1-0: Fly out, F7 (Flyball, 7LSF, EV 85.0 MPH)
Batting: SHB Jay Magnuson 0-0: Swinging Strike
0-1: Foul Ball, location: 25F
0-2: Ball
1-2: Strikes out looking
Top of the 8th over - 0 runs, 1 hit, 0 errors, 1 left on base; Clinton 1 - Kane County 7
BOTTOM OF THE 8TH
Kane County Cougars batting - Pitching for Clinton LumberKings : RHP Bartolomeo Guistiniani
Pitching: RHP Michael Acosta
Batting: RHB Travis Ramirez 0-0: Called Strike
0-1: Ball
1-1: Ball
2-1: Ball
3-1: Foul Ball, location: 2F
3-2: Base on Balls
Batting: LHB Aaron Quintanilla 0-0: Ball
1-0: Foul Ball, location: 25F
1-1: SINGLE (Line Drive, 6D, EV 100.0 MPH)
Travis Ramirez to second
Batting: RHB John Shirley 0-0: Ball
1-0: Called Strike
1-1: Called Strike
1-2: Strikes out swinging
Batting: LHB Luis Alvarez 0-0: Ball
1-0: Ball
2-0: Ball
3-0: Called Strike
3-1: Called Strike
3-2: 3-RUN HOME RUN (Flyball, 7D, EV 100.6 MPH), Distance : 389 ft
Pinch Hitting: RHB Jim Unknown 0-0: Called Strike
0-1: Ball
1-1: Foul Ball, location: 9LDF
1-2: Foul Ball, location: 2F
1-2: Fly out, F9 (Flyball, 9, EV 90.6 MPH)
Pinch Hitting: RHB Jim Unknown 0-0: Foul Ball, location: 9LMF
0-1: Swinging Strike
0-2: Ball
1-2: Strikes out swinging
Bottom of the 8th over - 3 runs, 2 hits, 0 errors, 0 left on base; Clinton 1 - Kane County 10
TOP OF THE 9TH
Clinton LumberKings batting - Pitching for Kane County Cougars : RHP Jim Unknown
Now at 1B: Jim Unknown
Now at 3B: Jim Unknown
Batting: RHB Ken Garner 0-0: Ball
1-0: Ball
2-0: Called Strike
2-1: Foul Ball, location: 7LSF
2-2: Fly out, F9 (Flyball, 9, EV 92.5 MPH)
Batting: RHB Byron Coyle 0-0: Called Strike
0-1: Ball
1-1: Swinging Strike
1-2: Ball
2-2: Ball
3-2: Foul Ball, location: 9LMF
3-2: Strikes out swinging
Pinch Hitting: RHB Edwin Droz 0-0: Fly out, F3 (Popup, 3SF, EV 76.9 MPH)
Top of the 9th over - 0 runs, 0 hits, 0 errors, 0 left on base; Clinton 1 - Kane County 10
Tuesday, May 7th , 2024 - OOTP Baseball 24.11 Build 85